 Dungeon Crawl Stone Soup version 0.27-a0-1290-g15d3ce7508 (webtiles) character file.

Game seed: 16444474894880130793

53 HAL9000 the Vexing (level 3, 0/16 HPs)
             Began as a Vine Stalker Enchanter on June 15, 2021.
             Slain by an ufetubus (1 damage)
             ... on level 2 of the Dungeon.
             The game lasted 00:04:15 (3074 turns).

HAL9000 the Vexing (Vine Stalker Enchanter)         Turns: 3074, Time: 00:04:15

Health: 0/16       AC:  2    Str: 11    XL:     3   Next: 87%
Magic:  0/7        EV: 12    Int: 15    God:
Gold:   69         SH:  0    Dex: 14    Spells: 3/6 levels left

rFire    . . .     SeeInvis .   f - +2 dagger (freeze)
rCold    . . .     Faith    .   (no shield)
rNeg     . . .     Spirit   +   b - +0 robe
rPois    .         Reflect  .   (no helmet)
rElec    .         Harm     .   (no cloak)
rCorr    .         Rampage  .   (no gloves)
Will     .....                  (no boots)
Stlth    ++........             (no amulet)
HPRegen  0.05/turn              (no ring)
MPRegen  0.10/turn              (no ring)

@: no status effects
A: fangs 2, magic shield, antimagic bite, no potion heal 2
a: no special abilities


You were on level 2 of the Dungeon.
You visited 1 branch of the dungeon, and saw 3 of its levels.

You collected 69 gold pieces.

Inventory:

Hand Weapons
 f - a +2 dagger of freezing (weapon)
Missiles
 a - 6 boomerangs
Armour
 b - a +0 robe (worn)
Potions
 c - a potion of haste {unknown}
 d - a potion of berserk rage {unknown}


   Skills:
 - Level 0.8 Short Blades
 - Level 1.5 Dodging
 - Level 3.6 Stealth
 - Level 2.1 Spellcasting
 + Level 4.7 Hexes


You had 3 spell levels left.
You knew the following spells:

 Your Spells              Type           Power      Damage    Failure   Level
a - Corona                Hex            16%        N/A       3%          1
b - Ensorcelled Hibernat  Hex/Ice        16%        N/A       13%         2

Your spell library contained the following spells:

 Spells                   Type           Power      Damage    Failure   Level
 Confusing Touch          Hex            15%        N/A       10%         3
 Tukima's Dance           Hex            15%        N/A       10%         3
 Dazzling Flash           Conj/Hex       16%        N/A       26%         3


Dungeon Overview and Level Annotations

Branches:
Dungeon (3/15)

Altars:


Innate Abilities, Weirdness & Mutations

You have extremely sharp teeth.
When hurt, damage is shared between your health and your magic reserves.
Your bite disrupts and absorbs the magic of your enemies.
Potions cannot restore your health.


Message History

The ufetubus shouts!
You see here 4 gold pieces.
An endoplasm comes into view.
The ufetubus hits you. The ufetubus barely misses you.
You hit the ufetubus but do no damage.
You bite the ufetubus, but do no damage.
The ufetubus closely misses you. The ufetubus misses you.
The ufetubus hits you. The ufetubus closely misses you.
You hit the ufetubus. Your bite misses the ufetubus.
The ufetubus is heavily wounded.
The ufetubus barely misses you. The ufetubus hits you.
You barely miss the ufetubus. Your bite misses the ufetubus.
The ufetubus is heavily wounded.
The ufetubus barely misses you. x2; The ufetubus closely misses you. x2
You miss the ufetubus.
The ufetubus is heavily wounded.
The ufetubus closely misses you. The ufetubus hits you.
The endoplasm jiggles.
You barely miss the ufetubus. Your bite misses the ufetubus.
The ufetubus is heavily wounded.
The ufetubus barely misses you. The ufetubus completely misses you.
The ufetubus closely misses you. The ufetubus hits you.
You are too injured to fight recklessly!
Unknown command.
You see here 4 gold pieces.
The ufetubus misses you. The ufetubus hits you.
The ufetubus closely misses you. The ufetubus hits you.
* * * LOW HITPOINT WARNING * * *
There is a stone staircase leading up here.
The ufetubus closely misses you. The ufetubus misses you.
You climb upwards.
There is a stone staircase leading down here.
Unknown command.
You hit the ufetubus but do no damage.
The ufetubus is heavily wounded.
The ufetubus hits you.
* * * LOW HITPOINT WARNING * * *
The ufetubus closely misses you. The ufetubus misses you.
The ufetubus hits you.
You die...

#.............#######...#
#.####.##.#####.........# #.#
#..#.# #........##
#.#####.#'### #........### ##
#...........# #........'.. .#
#...........# #........### .#
#...........# #........# .#
#.........5.# #........# .#
#.#######@### ######'### .#
#.# #.# #.# .# #.# #.# #.#
.#######.# #.# #.# .........#
#.# #.# ################.#
#####.# #.............#
#.....#####
#.##################.###......
####.# #..........# #.#####


You could see an ufetubus.

Vanquished Creatures
  An adder (D:2)
  2 worms
  A dart slug (D:1)
  An orc (D:2)
  2 ball pythons (D:1)
  5 endoplasms
  4 giant cockroaches
  4 goblins
  2 hobgoblins (D:1)
  A quokka (D:1)
  A bat (D:1)
  3 frilled lizards
  5 kobolds
32 creatures vanquished.

Notes
Turn   | Place    | Note
-------+----------+-------------------------------------------
     0 | D:1      | HAL9000 the Vine Stalker Enchanter began the quest for the
                  | Orb.
     0 | D:1      | Reached XP level 1. HP: 9/9 MP: 4/4
   167 | D:1      | Noticed an eye of devastation
   168 | D:1      | Found a faded altar of an unknown god.
   172 | D:1      | Noticed a golden eye
   175 | D:1      | Noticed a great orb of eyes
   175 | D:1      | Noticed a great orb of eyes
   249 | D:1      | Reached XP level 2. HP: 13/13 MP: 6/6
   697 | D:1      | Learned a level 2 spell: Ensorcelled Hibernation
   704 | D:1      | Reached skill level 4 in Hexes
   846 | D:1      | Reached XP level 3. HP: 16/16 MP: 7/7
  3074 | D:2      | Slain by an ufetubus

Illustrated notes

Levels and vault maps discovered:
D:1:      amcnicky_arrival_blooded_trapdoor, layout_loops_ring,
          hellmonk_ecumenical_altar_watching_god, chequers_big_river
D:2:      layout_basic, grunt_ministairs_13
D:3:      layout_basic, grunt_temple_overflow_open, mrwooster_statue_mirror

Skill      XL: |  1  2 |
---------------+-------+-----
Hexes          | 4 |  4.7
Short Blades   | |  0.8
Dodging        | |  1.5
Stealth        | |  3.6
Spellcasting   | |  2.1

Action                   || total
-------------------------++-------
Melee: Dagger            ||    85
       Bite              ||    19
       Short sword       ||    24
 Cast: Corona            ||     1
       Ensorcelled Hiber ||     9
 Stab: Sleeping          ||    12
Armor: Robe              ||    12
Dodge: Dodged            ||    81

Table legend: (Time is in decaauts)
 A = Elapsed time spent in this place.
 B = Non-inter-level travel time spent in this place.
 C = Inter-level travel time spent in this place.
 D = Time resting spent in this place.
 E = Time spent auto-exploring this place.
 F = Levels seen in this place.
 G = Mean time per level.
                   A        B        C        D        E       F      G
               +--------+--------+--------+--------+--------+-----+--------+
         Total |   3086 |   2898 |    188 |    374 |   2207 |   3 | 1028.7 |
       Dungeon |   3086 |   2898 |    188 |    374 |   2207 |   3 | 1028.7 |
               +--------+--------+--------+--------+--------+-----+--------+

Top non-repeatable levels by time:
     D:2: 1626 daAuts
     D:1: 1445 daAuts
     D:3: 14 daAuts
